Atomiques vs Tamiflu (R1)

Created - 28 octobre 2012 at 22:12

Simulating a Pre-Season

Goals
1 2 3 T
Atomiques 1 3 1 5
Tamiflu 2 0 1 3
Shots
1 2 3 T
Atomiques 5 18 12 35
Tamiflu 11 12 8 31

1st period

1. Tamiflu , Mike Brown 1 (Alex Picard, Kyle Lawson) at 6:38
2. Tamiflu , Alex Picard 1 (Mike Brown) at 10:22
3. Atomiques , Boyd Gordon 1 (Brendon Nash) at 18:07

Penalties :
Brett Sutter (STB) for Holding Stick (Minor) at 1:33, Mike Brown (Det) for Roughing (Minor) at 7:49, Jonathan Sigalet (Det) for Roughing (Minor) at 14:11, Denis Hamel (STB) for Tripping (Minor) at 14:11

2nd period

4. Atomiques , Phil Kessel 1 (Daniel Carcillo, Mattias Ohlund) at 6:42
5. Atomiques , Phil Kessel 2 (Mattias Ohlund, Daniel Carcillo) at 9:23
6. Atomiques , Daniel Carcillo 1 (Phil Kessel, Brandon Dubinsky) at 18:03

Penalties :
Phil Kessel (STB) for Holding (Minor) at 4:05

3rd period

7. Tamiflu , Alex Picard 2 (Radek Bonk, Mike Brown) at 0:53 (PP)
8. Atomiques , Andy Greene 1 (Brett Sutter, Semyon Varlamov) at 7:10

Penalties :
Boyd Gordon (STB) for Hooking (Minor) at 0:37, Daniel Carcillo (STB) for Interference (Minor) at 2:09, Kyle Turris (STB) for Hooking (Minor) at 7:55, Brett Sutter (STB) for Hooking (Minor) at 12:49, Daniel Carcillo (STB) for Hooking (Minor) at 15:29

Goalie Stats

Semyon Varlamov (STB), 28 saves from 31 shots - (0,903), W, 1-0-0, 60:00 minutes
Corey Crawford (Det), 30 saves from 35 shots - (0,857), L, 0-1-0, 60:00 minutes

Players Stats for Atomiques

Player Name              G  A  P  +/- PIM S  H  SB GA TA FO     MP     PP MP  PK MP  
------------------------------------------------------------------------------------
Adam Pardy               0  0  0   0  0   0  2  0  0  1  0/0    21:57   0:51   6:44 
Andy Greene              1  0  1   0  0   2  0  1  1  0  0/0    18:08   0:28   5:26 
Boyd Gordon              1  0  1   0  2   2  2  0  1  0  7/9    21:02   0:51   5:58 
Brandon Dubinsky         0  1  1   4  0   3  2  1  0  0  16/31  20:28   1:03   3:30 
Brendon Nash             0  1  1   1  0   2  0  2  0  1  0/0    15:18   0:40   0:00 
Brett Sutter             0  1  1  -1  4   2  2  0  0  0  3/4     7:07   0:00   0:18 
Daniel Carcillo          1  2  3   4  4   7  2  0  0  0  2/2    20:17   1:03   4:10 
Denis Hamel              0  0  0   1  2   2  1  0  0  0  0/1    14:59   0:56   3:32 
John Zeiler              0  0  0   0  0   3  1  0  1  0  0/0    11:47   0:05   3:13 
Kenndal McArdle          0  0  0  -1  0   2  1  0  0  0  0/0     7:52   0:00   1:08 
Kyle Okposo              0  0  0   0  0   0  1  0  1  0  0/0    14:29   0:51   0:00 
Kyle Turris              0  0  0   0  2   2  1  0  0  0  2/2    11:03   0:00   2:24 
Mattias Ohlund           0  2  2   2  0   1  3  2  1  3  0/0    25:05   0:51   6:44 
Nick Johnson             0  0  0  -1  0   1  2  1  0  0  0/0     7:15   0:00   0:00 
Pat Rissmiller           0  0  0  -1  0   1  3  2  0  0  0/0    12:14   0:05   0:07 
Phil Kessel              2  1  3   4  2   3  5  0  1  0  0/1    17:10   1:03   0:00 
Shawn Belle              0  0  0   1  0   0  0  0  0  0  0/0    11:12   0:00   0:00 
Wes O'Neill              0  0  0   2  0   2  4  1  0  2  0/0    28:20   1:08   5:26 

Players Stats for Tamiflu

Player Name              G  A  P  +/- PIM S  H  SB GA TA FO     MP     PP MP  PK MP  
------------------------------------------------------------------------------------
Alex Picard              2  1  3   2  0   4  0  0  1  0  1/2    20:00   6:19   0:57 
David Clarkson           0  0  0   0  0   0  0  0  0  0  0/1     7:16   0:17   0:00 
Freddy Meyer             0  0  0  -2  0   4  2  0  0  0  0/0    25:40   7:16   1:10 
Greg Mauldin             0  0  0  -1  0   2  1  0  1  0  0/1    12:39   0:00   0:01 
Jani Rita                0  0  0  -3  0   3  1  1  0  0  0/1    20:42   5:34   0:50 
Johan Fransson           0  0  0   1  0   0  0  0  0  0  0/0    12:09   0:00   0:00 
Jonathan Sigalet         0  0  0  -2  2   3  1  2  0  0  0/0    25:19   7:16   0:49 
Kyle Lawson              0  1  1   0  0   0  0  1  0  1  0/0    12:14   0:00   0:00 
Matt Murley              0  0  0  -1  0   2  1  0  0  0  0/0     9:44   0:00   0:12 
Mike Brown               1  2  3   2  2   2  1  1  0  0  3/4    18:06   6:19   0:00 
Nate Thompson            0  0  0  -3  0   1  0  1  0  0  5/19   20:20   5:34   0:30 
Nathan Oystrick          0  0  0  -2  0   2  2  0  0  2  0/0    24:09   4:54   0:49 
Nick Spaling             0  0  0   0  0   1  0  1  0  0  0/0     6:26   0:00   0:00 
Petr Pohl                0  0  0  -1  0   1  3  0  0  0  0/0    10:29   0:17   0:00 
Pierre Dagenais          0  0  0  -3  0   2  2  0  2  1  1/1    19:21   5:34   0:29 
Radek Bonk               0  1  1   1  0   4  1  0  2  1  9/19   20:03   6:36   0:59 
Tim Ramholt              0  0  0  -2  0   0  1  2  1  1  0/0    22:25   4:54   1:10 
Tyler Haskins            0  0  0  -1  0   0  1  0  0  0  1/2     8:58   0:00   0:00 

3 Stars

1 - Phil Kessel (STB)
2 - Alex Picard (Det)
3 - Daniel Carcillo (STB)

Power Play

Atomiques - 0 on 1 Attempt(s) - 0,00%
Tamiflu - 1 on 7 Attempt(s) - 14,29%

Penalty Kill

Atomiques - 6 on 7 Attempt(s) - 85,71% - Score 0 goal in Penalty Kill
Tamiflu - 1 on 1 Attempt(s) - 100,00% - Score 0 goal in Penalty Kill

Official

Referees : Watson Brad
Linesman : Unknown

Game Notes

No Game Note

Atomiques

5 vs 5 Forward 
   Center                   Left Wing                Right Wing               Time % Phy DF OF 
 1 Brandon Dubinsky         Daniel Carcillo          Phil Kessel              40     1   2  2  
 2 Boyd Gordon              Pat Rissmiller           Kyle Okposo              30     1   2  2  
 3 Kyle Turris              Denis Hamel              John Zeiler              20     1   2  2  
 4 Brett Sutter             Kenndal McArdle          Nick Johnson             10     1   2  2  

5 vs 5 Defense 
   Defense                  Defense                                           Time % Phy DF OF 
 1 Mattias Ohlund           Wes O'Neill                                       40     1   2  2  
 2 Brendon Nash             Adam Pardy                                        30     1   2  2  
 3 Andy Greene              Shawn Belle                                       20     1   2  2  
 4 Adam Pardy               Wes O'Neill                                       10     1   2  2  

PowerPlay Forward 
   Center                   Left Wing                Right Wing               Time % Phy DF OF 
 1 Brandon Dubinsky         Daniel Carcillo          Phil Kessel              60     1   2  2  
 2 Boyd Gordon              Denis Hamel              Kyle Okposo              40     1   2  2  

PowerPlay Defense
   Defense                  Defense                                           Time % Phy DF OF 
 1 Adam Pardy               Mattias Ohlund                                    60     1   2  2  
 2 Wes O'Neill              Brendon Nash                                      40     1   2  2  

Penalty Kill 4 Players Forward 
   Center                   Wing                     Time % Phy DF OF 
 1 Boyd Gordon              Daniel Carcillo          60     1   2  2  
 2 Kyle Turris              John Zeiler              40     1   2  2  

Penalty Kill 4 Players Defense
   Defense                  Defense                  Time % Phy DF OF 
 1 Adam Pardy               Mattias Ohlund           60     1   2  2  
 2 Andy Greene              Wes O'Neill              40     1   2  2  

Penalty Kill - 3 Players Forward 
   Forward                                           Time % Phy DF OF 
 1 Boyd Gordon                                       60     1   2  2  
 2 John Zeiler                                       40     1   2  2  

Penalty Kill - 3 Players Defense
   Defense                  Defense                  Time % Phy DF OF 
 1 Adam Pardy               Mattias Ohlund           60     1   2  2  
 2 Andy Greene              Wes O'Neill              40     1   2  2  

4 vs 4 Forward 
   Center                   Wing                     Time % Phy DF OF 
 1 Brandon Dubinsky         Phil Kessel              60     1   2  2  
 2 Boyd Gordon              Kyle Okposo              40     1   2  2  

4 vs 4 Defense
   Defense                  Defense                  Time % Phy DF OF 
 1 Adam Pardy               Mattias Ohlund           60     1   2  2  
 2 Wes O'Neill              Brendon Nash             40     1   2  2  

Last Minutes Offensive
   Center                   Left Wing                Right Wing               Defense                  Defense                  
   Brandon Dubinsky         Daniel Carcillo          Phil Kessel              Wes O'Neill              Mattias Ohlund           

Last Minutes Defensive
   Center                   Left Wing                Right Wing               Defense                  Defense                  
   Boyd Gordon              Daniel Carcillo          John Zeiler              Mattias Ohlund           Adam Pardy               

Goaltenders
Starting : Semyon Varlamov          
Backup : Mike Brodeur             

Extra Forwards
Normal : Pat Rissmiller, Phil Kessel, Nick Johnson - PP : Pat Rissmiller, Phil Kessel - PK : Daniel Carcillo
Extra Defensemen
Normal : Andy Greene, Adam Pardy, Brendon Nash - PP : Adam Pardy - PK : Brendon Nash, Adam Pardy
Penalty Shots
Brandon Dubinsky, Boyd Gordon, Daniel Carcillo, Kyle Okposo, Phil Kessel

Tamiflu

5 vs 5 Forward 
   Center                   Left Wing                Right Wing               Time % Phy DF OF 
 1 Radek Bonk               Alex Picard              Mike Brown               40     1   2  2  
 2 Nate Thompson            Jani Rita                Pierre Dagenais          40     1   2  2  
 3 Greg Mauldin             Matt Murley              Petr Pohl                15     1   2  2  
 4 Tyler Haskins            Nick Spaling             David Clarkson           5      1   2  2  

5 vs 5 Defense 
   Defense                  Defense                                           Time % Phy DF OF 
 1 Jonathan Sigalet         Freddy Meyer                                      40     1   2  2  
 2 Tim Ramholt              Nathan Oystrick                                   40     1   2  2  
 3 Johan Fransson           Kyle Lawson                                       15     1   2  2  
 4 Jonathan Sigalet         Freddy Meyer                                      5      1   2  2  

PowerPlay Forward 
   Center                   Left Wing                Right Wing               Time % Phy DF OF 
 1 Radek Bonk               Alex Picard              Mike Brown               55     1   2  2  
 2 Nate Thompson            Jani Rita                Pierre Dagenais          45     1   2  2  

PowerPlay Defense
   Defense                  Defense                                           Time % Phy DF OF 
 1 Jonathan Sigalet         Freddy Meyer                                      60     1   2  2  
 2 Tim Ramholt              Nathan Oystrick                                   40     1   2  2  

Penalty Kill 4 Players Forward 
   Center                   Wing                     Time % Phy DF OF 
 1 Radek Bonk               Alex Picard              60     1   2  2  
 2 Nate Thompson            Jani Rita                40     1   2  2  

Penalty Kill 4 Players Defense
   Defense                  Defense                  Time % Phy DF OF 
 1 Tim Ramholt              Freddy Meyer             60     1   2  2  
 2 Nathan Oystrick          Jonathan Sigalet         40     1   2  2  

Penalty Kill - 3 Players Forward 
   Forward                                           Time % Phy DF OF 
 1 Radek Bonk                                        60     1   2  2  
 2 Nate Thompson                                     40     1   2  2  

Penalty Kill - 3 Players Defense
   Defense                  Defense                  Time % Phy DF OF 
 1 Tim Ramholt              Freddy Meyer             60     1   2  2  
 2 Nathan Oystrick          Jonathan Sigalet         40     1   2  2  

4 vs 4 Forward 
   Center                   Wing                     Time % Phy DF OF 
 1 Radek Bonk               Alex Picard              55     1   2  2  
 2 Nate Thompson            Jani Rita                45     1   2  2  

4 vs 4 Defense
   Defense                  Defense                  Time % Phy DF OF 
 1 Jonathan Sigalet         Freddy Meyer             60     1   2  2  
 2 Tim Ramholt              Nathan Oystrick          40     1   2  2  

Last Minutes Offensive
   Center                   Left Wing                Right Wing               Defense                  Defense                  
   Radek Bonk               Alex Picard              Pierre Dagenais          Jonathan Sigalet         Freddy Meyer             

Last Minutes Defensive
   Center                   Left Wing                Right Wing               Defense                  Defense                  
   Radek Bonk               Alex Picard              Pierre Dagenais          Tim Ramholt              Freddy Meyer             

Goaltenders
Starting : Corey Crawford           
Backup : Joe Fallon               

Extra Forwards
Normal : Greg Mauldin, Tyler Haskins, Petr Pohl - PP : Petr Pohl, David Clarkson - PK : Pierre Dagenais
Extra Defensemen
Normal : Johan Fransson, Kyle Lawson, Freddy Meyer - PP : Johan Fransson - PK : Johan Fransson, Kyle Lawson
Penalty Shots
Radek Bonk, Pierre Dagenais, David Clarkson, Jani Rita, Greg Mauldin

% Time on Ice - Atomiques

Lines # - Real PCT - Wanted PCT - Time Play
Normal Forward
1 - 36% - 40% - 15:42
2 - 30% - 30% - 13:16
3 - 19% - 20% - 8:10
4 - 15% - 10% - 6:44
Normal Defense
1 - 38% - 40% - 16:27
2 - 33% - 30% - 14:34
3 - 26% - 20% - 11:12
4 - 4% - 10% - 1:39
PP Forward
1 - 53% - 60% - 1:03
2 - 47% - 40% - 0:56
PP Defense
1 - 43% - 60% - 0:51
2 - 57% - 40% - 1:08
PK Forward
1 - 74% - 60% - 8:57
2 - 26% - 40% - 3:13
PK Defense
1 - 55% - 60% - 6:44
2 - 45% - 40% - 5:26
PK3 Forward
1 - 0% - 60%
2 - 0% - 40%
PK3 Defense
1 - 0% - 60%
2 - 0% - 40%
44 Forward
1 - 66% - 60% - 1:18
2 - 34% - 40% - 0:41
44 Defense
1 - 53% - 60% - 1:03
2 - 47% - 40% - 0:56
Last Minute Offensive  - 0:00
Last Minute Defensive  - 0:00
Total
Forward - 60:00
Defense - 60:00

% Time on Ice - Tamiflu

Lines # - Real PCT - Wanted PCT - Time Play
Normal Forward
1 - 33% - 40% - 14:36
2 - 30% - 40% - 13:18
3 - 22% - 15% - 9:32
4 - 15% - 5% - 6:26
Normal Defense
1 - 38% - 40% - 16:41
2 - 37% - 40% - 16:12
3 - 25% - 15% - 10:59
4 - 0% - 5% - 0:00
PP Forward
1 - 54% - 55% - 6:36
2 - 46% - 45% - 5:34
PP Defense
1 - 60% - 60% - 7:16
2 - 40% - 40% - 4:54
PK Forward
1 - 75% - 60% - 1:29
2 - 25% - 40% - 0:30
PK Defense
1 - 59% - 60% - 1:10
2 - 41% - 40% - 0:49
PK3 Forward
1 - 0% - 60%
2 - 0% - 40%
PK3 Defense
1 - 0% - 60%
2 - 0% - 40%
44 Forward
1 - 62% - 55% - 1:14
2 - 38% - 45% - 0:45
44 Defense
1 - 64% - 60% - 1:16
2 - 36% - 40% - 0:43
Last Minute Offensive  - 0:00
Last Minute Defensive  - 0:00
Total
Forward - 60:00
Defense - 60:00

Play by Play

1st period


0:01 of 1st period - Radek Bonk wins face-off versus Brandon Dubinsky in neutral zone.
0:12 of 1st period - Snap shot by Alex Picard.
0:12 of 1st period - Stopped by Semyon Varlamov with a rebound.
0:14 of 1st period - Slapshot by Jonathan Sigalet.
0:14 of 1st period - Deflect By Mattias Ohlund.
0:14 of 1st period - Stopped by Semyon Varlamov without a rebound.
0:15 of 1st period - Boyd Gordon wins face-off versus Nate Thompson in Atomiques zone.
0:15 of 1st period - Boyd Gordon is hit by Tim Ramholt.
1:26 of 1st period - Wrist shot by Pierre Dagenais.
1:26 of 1st period - Deflect By Jani Rita.
1:26 of 1st period - Stopped by Semyon Varlamov with a rebound.
1:33 of 1st period - Minor Penalty to Brett Sutter for Holding Stick.
1:34 of 1st period - Mike Brown wins face-off versus Boyd Gordon in Atomiques zone.
3:33 of 1st period - Penalty to Brett Sutter is over, Brett Sutter is back on ice.
4:01 of 1st period - Kyle Lawson is hit by Pat Rissmiller and loses puck.
4:10 of 1st period - Boyd Gordon is hit by Greg Mauldin and loses puck.
4:31 of 1st period - Slapshot by Denis Hamel.
4:31 of 1st period - Stopped by Corey Crawford without a rebound.
4:32 of 1st period - Nate Thompson wins face-off versus Brandon Dubinsky in Tamiflu zone.
5:38 of 1st period - Off-side.
5:39 of 1st period - Brandon Dubinsky wins face-off versus Tyler Haskins in neutral zone.
5:49 of 1st period - Wrist shot by Nick Spaling.
5:49 of 1st period - Stopped by Semyon Varlamov with a rebound.
6:14 of 1st period - Slapshot by Brandon Dubinsky.
6:14 of 1st period - Shot Misses the Net.
6:38 of 1st period - Wrist shot by Mike Brown.
6:38 of 1st period - Goal by Mike Brown - Atomiques : 0 - Tamiflu : 1.
6:39 of 1st period - Boyd Gordon wins face-off versus Mike Brown in neutral zone.
7:31 of 1st period - Wrist shot by Daniel Carcillo.
7:31 of 1st period - Shot Misses the Net.
7:49 of 1st period - Minor Penalty to Mike Brown for Roughing.
7:50 of 1st period - Radek Bonk wins face-off versus Brandon Dubinsky in Tamiflu zone.
8:07 of 1st period - Tim Ramholt is hit by Adam Pardy and loses puck.
8:28 of 1st period - Jonathan Sigalet is hit by Wes O'Neill and loses puck.
9:01 of 1st period - Jonathan Sigalet is hit by Boyd Gordon and loses puck.
9:16 of 1st period - Freddy Meyer is hit by Mattias Ohlund and loses puck.
9:39 of 1st period - Freddy Meyer is hit by Daniel Carcillo and loses puck.
9:49 of 1st period - Penalty to Mike Brown is over, Mike Brown is back on ice.
10:20 of 1st period - Snap shot by Alex Picard.
10:20 of 1st period - Shot Misses the Net.
10:22 of 1st period - Snap shot by Alex Picard.
10:22 of 1st period - Goal by Alex Picard - Atomiques : 0 - Tamiflu : 2.
10:23 of 1st period - Brandon Dubinsky wins face-off versus Nate Thompson in neutral zone.
10:26 of 1st period - Wrist shot by Daniel Carcillo.
10:26 of 1st period - Shot Misses the Net.
10:48 of 1st period - Johan Fransson is hit by Kyle Okposo and loses puck.
11:09 of 1st period - Johan Fransson is hit by Brett Sutter.
11:15 of 1st period - Jonathan Sigalet is hit by Kenndal McArdle.
11:21 of 1st period - Wrist shot by Nick Johnson.
11:21 of 1st period - Shot Misses the Net.
11:27 of 1st period - Slapshot by Freddy Meyer.
11:27 of 1st period - Stopped by Semyon Varlamov with a rebound.
11:41 of 1st period - Slapshot by Matt Murley.
11:41 of 1st period - Stopped by Semyon Varlamov without a rebound.
11:42 of 1st period - Nate Thompson wins face-off versus Brandon Dubinsky in Atomiques zone.
11:57 of 1st period - Wrist shot by Pierre Dagenais.
11:57 of 1st period - Shot Misses the Net.
12:07 of 1st period - Alex Picard is hit by Boyd Gordon and loses puck.
12:36 of 1st period - Jonathan Sigalet is hit by Kyle Turris and loses puck.
12:49 of 1st period - Snap shot by Phil Kessel.
12:49 of 1st period - Shot Blocked by Nick Spaling.
12:51 of 1st period - Slapshot by Daniel Carcillo.
12:51 of 1st period - Stopped by Corey Crawford without a rebound.
12:52 of 1st period - Brandon Dubinsky wins face-off versus Jani Rita in Tamiflu zone.
13:14 of 1st period - Icing by Mattias Ohlund.
13:15 of 1st period - Radek Bonk wins face-off versus Brandon Dubinsky in Atomiques zone.
13:20 of 1st period - Backhand shot by Radek Bonk.
13:20 of 1st period - Stopped by Semyon Varlamov without a rebound.
13:21 of 1st period - Boyd Gordon wins face-off versus Radek Bonk in Atomiques zone.
13:46 of 1st period - Tim Ramholt is hit by Daniel Carcillo and loses puck.
14:11 of 1st period - Minor Penalty to Jonathan Sigalet for Roughing.
14:11 of 1st period - Minor Penalty to Denis Hamel for Tripping.
14:12 of 1st period - Radek Bonk wins face-off versus Brandon Dubinsky in Atomiques zone.
14:25 of 1st period - Backhand shot by Phil Kessel.
14:25 of 1st period - Shot Misses the Net.
14:27 of 1st period - Slapshot by Brandon Dubinsky.
14:27 of 1st period - Stopped by Corey Crawford with a rebound.
14:53 of 1st period - Slapshot by Mattias Ohlund.
14:53 of 1st period - Stopped by Corey Crawford with a rebound.
15:01 of 1st period - Slapshot by Kyle Okposo.
15:01 of 1st period - Shot Blocked by Jani Rita.
15:41 of 1st period - Freddy Meyer is hit by Nick Johnson and loses puck.
16:11 of 1st period - Penalty to Jonathan Sigalet is over, Jonathan Sigalet is back on ice.
16:11 of 1st period - Penalty to Denis Hamel is over, Denis Hamel is back on ice.
16:17 of 1st period - Wrist shot by Denis Hamel.
16:17 of 1st period - Shot Misses the Net.
16:23 of 1st period - Wrist shot by Boyd Gordon.
16:23 of 1st period - Shot Misses the Net.
16:54 of 1st period - Wrist shot by Greg Mauldin.
16:54 of 1st period - Shot Misses the Net.
17:06 of 1st period - Greg Mauldin is hit by Wes O'Neill and loses puck.
17:45 of 1st period - Slapshot by Greg Mauldin.
17:45 of 1st period - Stopped by Semyon Varlamov with a rebound.
18:07 of 1st period - Snap shot by Boyd Gordon.
18:07 of 1st period - Goal by Boyd Gordon - Atomiques : 1 - Tamiflu : 2.
18:08 of 1st period - Brandon Dubinsky wins face-off versus Nate Thompson in neutral zone.
18:19 of 1st period - Slapshot by Pierre Dagenais.
18:19 of 1st period - Shot Misses the Net.
18:23 of 1st period - Slapshot by Pierre Dagenais.
18:23 of 1st period - Stopped by Semyon Varlamov without a rebound.
18:24 of 1st period - Radek Bonk wins face-off versus Brandon Dubinsky in Atomiques zone.
18:27 of 1st period - Slapshot by Radek Bonk.
18:27 of 1st period - Shot Misses the Net.
19:26 of 1st period - Mike Brown is hit by Brett Sutter and loses puck.
19:51 of 1st period - Shawn Belle is hit by Petr Pohl and loses puck.

2nd period


0:01 of 2nd period - Brandon Dubinsky wins face-off versus Nate Thompson in neutral zone.
0:14 of 2nd period - Snap shot by Daniel Carcillo.
0:14 of 2nd period - Shot Misses the Net.
0:16 of 2nd period - Slapshot by Mattias Ohlund.
0:16 of 2nd period - Shot Misses the Net.
0:26 of 2nd period - Mattias Ohlund is hit by Mike Brown and loses puck.
1:12 of 2nd period - Wrist shot by Phil Kessel.
1:12 of 2nd period - Shot Misses the Net.
1:14 of 2nd period - Slapshot by Brendon Nash.
1:14 of 2nd period - Stopped by Corey Crawford with a rebound.
1:16 of 2nd period - Snap shot by Brandon Dubinsky.
1:16 of 2nd period - Stopped by Corey Crawford without a rebound.
1:17 of 2nd period - Nate Thompson wins face-off versus Phil Kessel in Tamiflu zone.
1:17 of 2nd period - Nate Thompson is hit by Wes O'Neill.
1:27 of 2nd period - Slapshot by Nate Thompson.
1:27 of 2nd period - Stopped by Semyon Varlamov without a rebound.
1:28 of 2nd period - Nate Thompson wins face-off versus Brandon Dubinsky in Atomiques zone.
1:41 of 2nd period - Slapshot by Daniel Carcillo.
1:41 of 2nd period - Shot Blocked by Jonathan Sigalet.
2:02 of 2nd period - Slapshot by Alex Picard.
2:02 of 2nd period - Stopped by Semyon Varlamov without a rebound.
2:03 of 2nd period - Radek Bonk wins face-off versus Denis Hamel in Atomiques zone.
2:04 of 2nd period - Wrist shot by Alex Picard.
2:04 of 2nd period - Shot Blocked by Andy Greene.
2:10 of 2nd period - Snap shot by Denis Hamel.
2:10 of 2nd period - Shot Blocked by Mike Brown.
2:18 of 2nd period - Slapshot by Denis Hamel.
2:18 of 2nd period - Shot Misses the Net.
2:48 of 2nd period - Slapshot by Nathan Oystrick.
2:48 of 2nd period - Stopped by Semyon Varlamov with a rebound.
2:58 of 2nd period - Snap shot by Petr Pohl.
2:58 of 2nd period - Stopped by Semyon Varlamov with a rebound.
3:22 of 2nd period - Snap shot by Petr Pohl.
3:22 of 2nd period - Shot Blocked by Brendon Nash.
3:24 of 2nd period - Snap shot by Nathan Oystrick.
3:24 of 2nd period - Deflect By Denis Hamel.
3:24 of 2nd period - Stopped by Semyon Varlamov without a rebound.
3:25 of 2nd period - Nate Thompson wins face-off versus Brandon Dubinsky in Atomiques zone.
3:30 of 2nd period - Slapshot by Jani Rita.
3:30 of 2nd period - Stopped by Semyon Varlamov with a rebound.
3:32 of 2nd period - Slapshot by Nate Thompson.
3:32 of 2nd period - Shot Misses the Net.
3:34 of 2nd period - Slapshot by Freddy Meyer.
3:34 of 2nd period - Stopped by Semyon Varlamov without a rebound.
3:35 of 2nd period - Brandon Dubinsky wins face-off versus Nate Thompson in Atomiques zone.
3:48 of 2nd period - Slapshot by Jonathan Sigalet.
3:48 of 2nd period - Shot Blocked by Mattias Ohlund.
3:50 of 2nd period - Wrist shot by Pierre Dagenais.
3:50 of 2nd period - Shot Blocked by Mattias Ohlund.
3:54 of 2nd period - Snap shot by Pierre Dagenais.
3:54 of 2nd period - Stopped by Semyon Varlamov with a rebound.
4:05 of 2nd period - Minor Penalty to Phil Kessel for Holding.
4:06 of 2nd period - Boyd Gordon wins face-off versus Alex Picard in Atomiques zone.
4:19 of 2nd period - Snap shot by Mike Brown.
4:19 of 2nd period - Shot Misses the Net.
4:21 of 2nd period - Slapshot by Jonathan Sigalet.
4:21 of 2nd period - Shot Misses the Net.
5:18 of 2nd period - Slapshot by Andy Greene.
5:18 of 2nd period - Shot Blocked by Tim Ramholt.
5:34 of 2nd period - Daniel Carcillo is hit by Freddy Meyer and loses puck.
6:05 of 2nd period - Penalty to Phil Kessel is over, Phil Kessel is back on ice.
6:12 of 2nd period - Off-side.
6:13 of 2nd period - Brett Sutter wins face-off versus Greg Mauldin in neutral zone.
6:25 of 2nd period - Slapshot by Andy Greene.
6:25 of 2nd period - Shot Blocked by Kyle Lawson.
6:27 of 2nd period - Slapshot by Kenndal McArdle.
6:27 of 2nd period - Deflect By Nick Johnson.
6:27 of 2nd period - Stopped by Corey Crawford without a rebound.
6:28 of 2nd period - Brandon Dubinsky wins face-off versus Nate Thompson in Tamiflu zone.
6:35 of 2nd period - Pierre Dagenais is hit by Brandon Dubinsky and loses puck.
6:40 of 2nd period - Snap shot by Daniel Carcillo.
6:40 of 2nd period - Stopped by Corey Crawford with a rebound.
6:42 of 2nd period - Snap shot by Phil Kessel.
6:42 of 2nd period - Goal by Phil Kessel - Atomiques : 2 - Tamiflu : 2.
6:43 of 2nd period - Brandon Dubinsky wins face-off versus Nate Thompson in neutral zone.
7:05 of 2nd period - Pierre Dagenais is hit by Mattias Ohlund and loses puck.
7:24 of 2nd period - Wrist shot by Radek Bonk.
7:24 of 2nd period - Stopped by Semyon Varlamov with a rebound.
7:38 of 2nd period - Nathan Oystrick is hit by Wes O'Neill.
7:48 of 2nd period - Wrist shot by Denis Hamel.
7:48 of 2nd period - Deflect By John Zeiler.
7:48 of 2nd period - Shot Blocked by Tim Ramholt.
7:48 of 2nd period - Puck is out of play.
7:49 of 2nd period - Brandon Dubinsky wins face-off versus Radek Bonk in Tamiflu zone.
8:14 of 2nd period - Pat Rissmiller is hit by Nathan Oystrick and loses puck.
8:37 of 2nd period - Slapshot by Jonathan Sigalet.
8:37 of 2nd period - Stopped by Semyon Varlamov without a rebound.
8:38 of 2nd period - Brandon Dubinsky wins face-off versus David Clarkson in Atomiques zone.
9:13 of 2nd period - Wrist shot by John Zeiler.
9:13 of 2nd period - Stopped by Corey Crawford without a rebound.
9:14 of 2nd period - Brandon Dubinsky wins face-off versus Nate Thompson in Tamiflu zone.
9:19 of 2nd period - Snap shot by Daniel Carcillo.
9:19 of 2nd period - Stopped by Corey Crawford with a rebound.
9:21 of 2nd period - Slapshot by Mattias Ohlund.
9:21 of 2nd period - Shot Misses the Net.
9:23 of 2nd period - Wrist shot by Phil Kessel.
9:23 of 2nd period - Goal by Phil Kessel - Atomiques : 3 - Tamiflu : 2.
9:24 of 2nd period - Brandon Dubinsky wins face-off versus Nate Thompson in neutral zone.
9:29 of 2nd period - Snap shot by Daniel Carcillo.
9:29 of 2nd period - Stopped by Corey Crawford with a rebound.
9:39 of 2nd period - Snap shot by Nate Thompson.
9:39 of 2nd period - Shot Misses the Net.
9:49 of 2nd period - Jonathan Sigalet is hit by Pat Rissmiller.
10:13 of 2nd period - Slapshot by Petr Pohl.
10:13 of 2nd period - Shot Blocked by Brendon Nash.
10:15 of 2nd period - Slapshot by Johan Fransson.
10:15 of 2nd period - Deflect By Greg Mauldin.
10:15 of 2nd period - Stopped by Semyon Varlamov with a rebound.
10:17 of 2nd period - Snap shot by Matt Murley.
10:17 of 2nd period - Deflect By Adam Pardy.
10:17 of 2nd period - Stopped by Semyon Varlamov with a rebound.
10:57 of 2nd period - Radek Bonk is hit by Phil Kessel and loses puck.
11:14 of 2nd period - Wrist shot by Pat Rissmiller.
11:14 of 2nd period - Shot Misses the Net.
11:16 of 2nd period - Wrist shot by Kyle Okposo.
11:16 of 2nd period - Shot Misses the Net.
11:36 of 2nd period - Slapshot by Andy Greene.
11:36 of 2nd period - Deflect By Pierre Dagenais.
11:36 of 2nd period - Stopped by Corey Crawford with a rebound.
11:38 of 2nd period - Wrist shot by John Zeiler.
11:38 of 2nd period - Deflect By Denis Hamel.
11:38 of 2nd period - Stopped by Corey Crawford with a rebound.
13:08 of 2nd period - David Clarkson is hit by Phil Kessel and loses puck.
13:35 of 2nd period - Slapshot by Pat Rissmiller.
13:35 of 2nd period - Stopped by Corey Crawford with a rebound.
13:37 of 2nd period - Wrist shot by Boyd Gordon.
13:37 of 2nd period - Stopped by Corey Crawford with a rebound.
13:39 of 2nd period - Slapshot by Brendon Nash.
13:39 of 2nd period - Stopped by Corey Crawford with a rebound.
13:53 of 2nd period - Snap shot by Pierre Dagenais.
13:53 of 2nd period - Shot Misses the Net.
13:55 of 2nd period - Snap shot by Nate Thompson.
13:55 of 2nd period - Shot Blocked by Nick Johnson.
15:08 of 2nd period - Kyle Turris is hit by Pierre Dagenais and loses puck.
15:34 of 2nd period - Jani Rita is hit by Phil Kessel and loses puck.
15:41 of 2nd period - Pierre Dagenais is hit by Phil Kessel and loses puck.
15:57 of 2nd period - Mattias Ohlund is hit by Pierre Dagenais and loses puck.
16:37 of 2nd period - Freddy Meyer is hit by Nick Johnson and loses puck.
16:49 of 2nd period - Snap shot by Kenndal McArdle.
16:49 of 2nd period - Stopped by Corey Crawford without a rebound.
16:50 of 2nd period - Alex Picard wins face-off versus Brandon Dubinsky in Tamiflu zone.
17:27 of 2nd period - Johan Fransson is hit by Pat Rissmiller and loses puck.
17:45 of 2nd period - Off-side.
17:46 of 2nd period - Radek Bonk wins face-off versus Brandon Dubinsky in neutral zone.
17:57 of 2nd period - Wrist shot by Phil Kessel.
17:57 of 2nd period - Stopped by Corey Crawford without a rebound.
17:58 of 2nd period - Brandon Dubinsky wins face-off versus Nate Thompson in Tamiflu zone.
18:01 of 2nd period - Slapshot by Brandon Dubinsky.
18:01 of 2nd period - Stopped by Corey Crawford with a rebound.
18:03 of 2nd period - Wrist shot by Phil Kessel.
18:03 of 2nd period - Deflect By Daniel Carcillo.
18:03 of 2nd period - Goal by Daniel Carcillo - Atomiques : 4 - Tamiflu : 2.
18:04 of 2nd period - Radek Bonk wins face-off versus Brandon Dubinsky in neutral zone.
18:29 of 2nd period - Kyle Okposo is hit by Freddy Meyer and loses puck.
18:36 of 2nd period - Slapshot by Jani Rita.
18:36 of 2nd period - Shot Misses the Net.
18:38 of 2nd period - Snap shot by Jani Rita.
18:38 of 2nd period - Shot Blocked by Pat Rissmiller.
18:40 of 2nd period - Slapshot by Nate Thompson.
18:40 of 2nd period - Shot Blocked by Wes O'Neill.
19:34 of 2nd period - Phil Kessel is hit by Petr Pohl and loses puck.

3rd period


0:01 of 3rd period - Daniel Carcillo wins face-off versus Nate Thompson in neutral zone.
0:35 of 3rd period - Wrist shot by Radek Bonk.
0:35 of 3rd period - Stopped by Semyon Varlamov with a rebound.
0:37 of 3rd period - Wrist shot by Freddy Meyer.
0:37 of 3rd period - Deflect By Shawn Belle.
0:37 of 3rd period - Stopped by Semyon Varlamov without a rebound.
0:37 of 3rd period - Minor Penalty to Boyd Gordon for Hooking.
0:38 of 3rd period - Mike Brown wins face-off versus Brandon Dubinsky in Atomiques zone.
0:39 of 3rd period - Wrist shot by Radek Bonk.
0:39 of 3rd period - Shot Misses the Net.
0:41 of 3rd period - Wrist shot by Radek Bonk.
0:41 of 3rd period - Shot Misses the Net.
0:43 of 3rd period - Slapshot by Freddy Meyer.
0:43 of 3rd period - Shot Blocked by Brandon Dubinsky.
0:45 of 3rd period - Slapshot by Jonathan Sigalet.
0:45 of 3rd period - Stopped by Semyon Varlamov with a rebound.
0:47 of 3rd period - Snap shot by Mike Brown.
0:47 of 3rd period - Stopped by Semyon Varlamov with a rebound.
0:49 of 3rd period - Slapshot by Alex Picard.
0:49 of 3rd period - Shot Misses the Net.
0:53 of 3rd period - Wrist shot by Alex Picard.
0:53 of 3rd period - Goal by Alex Picard - Atomiques : 4 - Tamiflu : 3.
0:54 of 3rd period - Brandon Dubinsky wins face-off versus Radek Bonk in neutral zone.
0:57 of 3rd period - Slapshot by Wes O'Neill.
0:57 of 3rd period - Stopped by Corey Crawford without a rebound.
0:58 of 3rd period - Mike Brown wins face-off versus Brandon Dubinsky in Tamiflu zone.
1:08 of 3rd period - Mike Brown is hit by Adam Pardy and loses puck.
1:27 of 3rd period - Slapshot by Wes O'Neill.
1:27 of 3rd period - Shot Misses the Net.
1:43 of 3rd period - Jonathan Sigalet is hit by John Zeiler.
1:49 of 3rd period - Snap shot by John Zeiler.
1:49 of 3rd period - Shot Misses the Net.
1:51 of 3rd period - Snap shot by Kyle Turris.
1:51 of 3rd period - Stopped by Corey Crawford without a rebound.
1:52 of 3rd period - Brandon Dubinsky wins face-off versus Radek Bonk in Tamiflu zone.
1:55 of 3rd period - Wrist shot by Daniel Carcillo.
1:55 of 3rd period - Stopped by Corey Crawford without a rebound.
1:56 of 3rd period - Radek Bonk wins face-off versus Brandon Dubinsky in Tamiflu zone.
1:56 of 3rd period - Radek Bonk is hit by Brandon Dubinsky.
2:09 of 3rd period - Minor Penalty to Daniel Carcillo for Interference.
2:10 of 3rd period - Boyd Gordon wins face-off versus Radek Bonk in Atomiques zone.
2:23 of 3rd period - Wrist shot by Alex Picard.
2:23 of 3rd period - Shot Misses the Net.
2:25 of 3rd period - Slapshot by Freddy Meyer.
2:25 of 3rd period - Stopped by Semyon Varlamov with a rebound.
4:09 of 3rd period - Penalty to Daniel Carcillo is over, Daniel Carcillo is back on ice.
4:20 of 3rd period - Slapshot by Wes O'Neill.
4:20 of 3rd period - Stopped by Corey Crawford with a rebound.
5:26 of 3rd period - Johan Fransson is hit by Mattias Ohlund and loses puck.
5:45 of 3rd period - Daniel Carcillo is hit by Radek Bonk and loses puck.
6:04 of 3rd period - Kyle Turris is hit by Jonathan Sigalet and loses puck.
6:19 of 3rd period - Wrist shot by Kenndal McArdle.
6:19 of 3rd period - Deflect By Brett Sutter.
6:19 of 3rd period - Stopped by Corey Crawford with a rebound.
6:21 of 3rd period - Wrist shot by Nick Johnson.
6:21 of 3rd period - Shot Blocked by Nate Thompson.
6:33 of 3rd period - Kyle Okposo is hit by Matt Murley and loses puck.
7:10 of 3rd period - Slapshot by Andy Greene.
7:10 of 3rd period - Goal by Andy Greene - Atomiques : 5 - Tamiflu : 3.
7:11 of 3rd period - Brandon Dubinsky wins face-off versus Nate Thompson in neutral zone.
7:20 of 3rd period - Snap shot by Mattias Ohlund.
7:20 of 3rd period - Shot Blocked by Jonathan Sigalet.
7:55 of 3rd period - Minor Penalty to Kyle Turris for Hooking.
7:56 of 3rd period - Boyd Gordon wins face-off versus Radek Bonk in Atomiques zone.
8:03 of 3rd period - Slapshot by Boyd Gordon.
8:03 of 3rd period - Shot Misses the Net.
8:11 of 3rd period - Wrist shot by Radek Bonk.
8:11 of 3rd period - Shot Misses the Net.
9:55 of 3rd period - Penalty to Kyle Turris is over, Kyle Turris is back on ice.
10:24 of 3rd period - Wrist shot by Denis Hamel.
10:24 of 3rd period - Deflect By Boyd Gordon.
10:24 of 3rd period - Shot Misses the Net.
10:24 of 3rd period - Puck is out of play.
10:25 of 3rd period - Tyler Haskins wins face-off versus Brett Sutter in Tamiflu zone.
10:34 of 3rd period - Snap shot by Kenndal McArdle.
10:34 of 3rd period - Stopped by Corey Crawford without a rebound.
10:35 of 3rd period - Brett Sutter wins face-off versus Nate Thompson in Tamiflu zone.
10:35 of 3rd period - Brett Sutter is hit by Jani Rita.
10:45 of 3rd period - Slapshot by Brendon Nash.
10:45 of 3rd period - Deflect By Brett Sutter.
10:45 of 3rd period - Stopped by Corey Crawford with a rebound.
11:03 of 3rd period - Wrist shot by Phil Kessel.
11:03 of 3rd period - Shot Misses the Net.
11:35 of 3rd period - Matt Murley is hit by Denis Hamel and loses puck.
12:11 of 3rd period - Daniel Carcillo is hit by Tyler Haskins and loses puck.
12:34 of 3rd period - Wrist shot by Mike Brown.
12:34 of 3rd period - Deflect By Radek Bonk.
12:34 of 3rd period - Stopped by Semyon Varlamov without a rebound.
12:35 of 3rd period - Brett Sutter wins face-off versus Radek Bonk in Atomiques zone.
12:40 of 3rd period - Slapshot by Radek Bonk.
12:40 of 3rd period - Shot Misses the Net.
12:49 of 3rd period - Minor Penalty to Brett Sutter for Hooking.
12:50 of 3rd period - Daniel Carcillo wins face-off versus Radek Bonk in Atomiques zone.
14:49 of 3rd period - Penalty to Brett Sutter is over, Brett Sutter is back on ice.
14:54 of 3rd period - Nick Johnson is hit by Petr Pohl and loses puck.
15:05 of 3rd period - Slapshot by Petr Pohl.
15:05 of 3rd period - Shot Misses the Net.
15:07 of 3rd period - Slapshot by Kyle Lawson.
15:07 of 3rd period - Shot Blocked by Pat Rissmiller.
15:29 of 3rd period - Minor Penalty to Daniel Carcillo for Hooking.
15:30 of 3rd period - Boyd Gordon wins face-off versus Nate Thompson in Atomiques zone.
15:36 of 3rd period - Icing by Nate Thompson.
15:37 of 3rd period - Pierre Dagenais wins face-off versus Boyd Gordon in Tamiflu zone.
16:52 of 3rd period - Snap shot by Kyle Turris.
16:52 of 3rd period - Stopped by Corey Crawford without a rebound.
16:53 of 3rd period - Kyle Turris wins face-off versus Radek Bonk in Tamiflu zone.
16:54 of 3rd period - Wrist shot by John Zeiler.
16:54 of 3rd period - Stopped by Corey Crawford without a rebound.
16:55 of 3rd period - Kyle Turris wins face-off versus Radek Bonk in Tamiflu zone.
17:04 of 3rd period - Snap shot by John Zeiler.
17:04 of 3rd period - Stopped by Corey Crawford with a rebound.
17:29 of 3rd period - Penalty to Daniel Carcillo is over, Daniel Carcillo is back on ice.
17:45 of 3rd period - Wrist shot by Daniel Carcillo.
17:45 of 3rd period - Stopped by Corey Crawford with a rebound.
18:00 of 3rd period - Snap shot by Nate Thompson.
18:00 of 3rd period - Shot Misses the Net.
18:02 of 3rd period - Wrist shot by Jani Rita.
18:02 of 3rd period - Stopped by Semyon Varlamov with a rebound.
18:28 of 3rd period - Slapshot by Andy Greene.
18:28 of 3rd period - Shot Misses the Net.
18:34 of 3rd period - Pat Rissmiller is hit by Nathan Oystrick and loses puck.
19:57 of 3rd period - Jonathan Sigalet is hit by Phil Kessel and loses puck.


Output by the SimonT Hockey Simulator (STHS) for François Prévost -- Original Page W3C XHTML 1.0 Valid
Hockey Simulator - Hockey Simulation - Hockey Manager